 Dungeon Crawl Stone Soup version 0.30-a0-918-g0ff054e9dc (webtiles) character file.

Game seed: 10640679679441543138

294 Dirian the Covered (level 6, -3/55 HPs)
             Began as a Minotaur Fighter on Mar 20, 2023.
             Slain by an ogre
             ... wielding a +0 giant club
              (20 damage)
             ... on level 3 of the Dungeon.
             The game lasted 00:03:51 (1807 turns).

Dirian the Covered (Minotaur Fighter)               Turns: 1807, Time: 00:03:52

Health: -3/55      AC:  7    Str: 20    XL:     6   Next: 11%
Magic:  5/5        EV:  9    Int:  5    God:
Gold:   130        SH:  5    Dex: 12    Spells: 5/5 levels left

rFire   . . .      SeeInvis .    a - +0 long sword
rCold   . . .      Faith    .    c - +0 buckler
rNeg    . . .      Spirit   .    b - +0 scale mail
rPois   .          Reflect  .    (helmet restricted)
rElec   .          Rampage  .    (no cloak)
rCorr   .                        (no gloves)
Will    .....                    (no boots) Stlth
                                 (no amulet)
HPRegen 0.29/turn                (no ring)
MPRegen 0.09/turn                (no ring)

@: no status effects
A: horns 2, retaliatory headbutt
a: no special abilities


You were on level 3 of the Dungeon.
You visited 1 branch of the dungeon, and saw 3 of its levels.

You collected 130 gold pieces.

Inventory:

Hand Weapons
 a - a +0 long sword (weapon)
 v - a +0 flail
Armour
 b - a +0 scale mail (worn)
 c - a +0 buckler (worn)
 n - a +0 chain mail
Jewellery
 u - an amulet of reflection
Wands
 q - a wand of flame (15)
Scrolls
 d - a scroll of silence {unknown}
 e - 2 scrolls of immolation {unknown}
 g - 2 scrolls of noise {unknown}
 h - 6 scrolls of identify {unknown}
 l - a scroll of brand weapon {unknown}
 m - a scroll of enchant weapon {unknown}
 o - a scroll of acquirement {unknown}
 p - a scroll of blinking {unknown}
Potions
 f - a potion of invisibility {unknown}
 i - a potion of berserk rage {unknown}
 j - 2 potions of curing {unknown}
 k - a potion of flight {unknown}
 r - a potion of cancellation {unknown}
 s - a potion of resistance {unknown}
 t - a potion of degeneration {unknown}
 w - 2 potions of heal wounds


   Skills:
 + Level 4.8 Fighting
 + Level 5.0 Long Blades
 + Level 5.2 Armour
 + Level 4.8 Shields


You had 5 spell levels left.
You didn't know any spells.
Your spell library contained the following spells:

 Spells                   Type           Power      Damage    Failure   Level
 Apportation              Tloc           0%         N/A       88%         1
 Kiss of Death            Conj/Necr      0%         2d5       88%         1
 Necrotise                Necr           0%         1d4       88%         1
 Summon Small Mammal      Summ           0%         N/A       88%         1
 Confusing Touch          Hex            0%         N/A       99%         3
 Dispel Undead            Necr           0%         3d6       100%        4


Dungeon Overview and Level Annotations

Branches:
Dungeon (3/15) Zot: 16151

Altars:

Annotations:
D:3 Sigmund


Innate Abilities, Weirdness & Mutations

You have a pair of horns on your head.
You reflexively headbutt those who attack you in melee.


Message History

You see here a +0 flail.
Found a stone staircase leading down.
Found a robe.
An endoplasm comes into view.
The endoplasm quivers.
Found a ring mail.
You hit the endoplasm but do no damage.
The endoplasm hits you but does no damage.
The endoplasm freezes you.
You are frozen.
You hit the endoplasm. Your headbutt misses the endoplasm.
The endoplasm is almost dead.
The endoplasm barely misses you.
You barely miss the endoplasm. Your headbutt misses the endoplasm.
The endoplasm is almost dead.
The endoplasm hits you.
You hit the endoplasm.
You kill the endoplasm!
You see here a +0 robe.
An ogre comes into view. It is wielding a +0 giant club.
The ogre shouts!
You hit the ogre.
The ogre is lightly wounded.
The ogre hits you with a +0 giant club! The ogre attacks as you move away!
The ogre hits you with a +0 giant club.
A worm comes into view.
You see here a +0 robe.
You hit the ogre.
The ogre is moderately wounded.
The ogre barely misses you. You furiously retaliate!
You headbutt the ogre. You barely miss the ogre.
The ogre is moderately wounded.
The ogre closely misses you. You furiously retaliate!
You headbutt the ogre. You hit the ogre.
The ogre is heavily wounded.
The ogre hits you with a +0 giant club!!
You hit the ogre but do no damage. You headbutt the ogre.
The ogre is severely wounded.
The ogre hits you with a +0 giant club!!
You die...

†# #.# .#######.#
.#.......#
.###.#####
.###.#############
................>#
.###.###########.#
.# #.# # #.#
.###... .. #@#
........... #O#
............ #w#
............. #.#
..............##[#
.................#
#............w##.#
?.....@..... #[#
...... .... ..#


You could see an ogre and a worm.

Vanquished Creatures
  A water moccasin (D:3)
  Jessica (D:3)
  Natasha (thrice) (D:2)
  2 adders
  A worm (D:2)
  A dart slug (D:1)
  9 orcs (D:3)
  8 endoplasms
  3 giant cockroaches
  5 goblins
  5 hobgoblins
  2 quokkas (D:1)
  2 ball pythons
  4 bats
  5 frilled lizards
  4 kobolds
  7 rats
63 creatures vanquished.

Notes
Turn   | Place    | Note
-------+----------+-------------------------------------------
     0 | D:1      | Dirian the Minotaur Fighter began the quest for the Orb.
     0 | D:1      | Reached XP level 1. HP: 19/19 MP: 0/0
   188 | D:1      | Reached XP level 2. HP: 24/27 MP: 1/1
   740 | D:2      | Reached XP level 3. HP: 33/33 MP: 2/2
   788 | D:2      | Noticed Natasha
   792 | D:2      | Killed Natasha
   964 | D:2      | Noticed Natasha
   968 | D:2      | Killed Natasha
   969 | D:2      | Reached XP level 4. HP: 31/41 MP: 3/3
  1138 | D:2      | Noticed Natasha
  1142 | D:2      | Killed Natasha
  1367 | D:3      | Noticed a water moccasin
  1372 | D:3      | Killed a water moccasin
  1373 | D:3      | Reached skill level 5 in Armour
  1373 | D:3      | Reached XP level 5. HP: 31/47 MP: 4/4
  1393 | D:3      | Noticed Jessica
  1397 | D:3      | Killed Jessica
  1617 | D:3      | Reached XP level 6. HP: 53/53 MP: 5/5
  1621 | D:3      | Reached skill level 5 in Long Blades
  1733 | D:3      | Noticed Sigmund
  1807 | D:3      | Slain by an ogre

Illustrated notes

Levels and vault maps discovered:
D:1:      wander_arrival_fairy_ring, layout_basic, minmay_misc_feat_rugged
D:2:      layout_loops_cross, nicolae_underground_beach, uniq_natasha
D:3:      layout_basic, chequers_serial_rivers_micro_b, uniq_jessica,
          uniq_sigmund, uniq_crazy_yiuf_cottage

Skill      XL: |  1  2  3  4  5  6 |
---------------+-------------------+-----
Shields        | 4 |  4.8
Armour         | 4 5 |  5.2
Fighting       | 4 |  4.8
Long Blades    | 3 4 5 |  5.0

Action                     |  1- 3 |  4- 6 || total
---------------------------+-------+-------++-------
  Melee: Long sword        |    78 |    70 ||   148
         Headbutt          |    13 |    11 ||    24
    Use: Potion            |       |     1 ||     1
 Armour: Scale mail        |    36 |    24 ||    60
  Dodge: Dodged            |    35 |    25 ||    60
  Block: Buckler           |    15 |    13 ||    28

Table legend: (Time is in decaauts)
 A = Elapsed time spent in this place.
 B = Non-inter-level travel time spent in this place.
 C = Inter-level travel time spent in this place.
 D = Time resting spent in this place.
 E = Time spent auto-exploring this place.
 F = Levels seen in this place.
 G = Mean time per level.
                   A        B        C        D        E       F      G
               +--------+--------+--------+--------+--------+-----+--------+
         Total |   1847 |   1793 |     54 |      0 |   1078 |   3 |  615.7 |
       Dungeon |   1847 |   1793 |     54 |      0 |   1078 |   3 |  615.7 |
               +--------+--------+--------+--------+--------+-----+--------+

Top non-repeatable levels by time:
     D:2: 723 daAuts
     D:1: 664 daAuts
     D:3: 459 daAuts
